 Dungeon Crawl Stone Soup version 0.29.1-2-gbd0b4ee654 (webtiles) character file.

Game seed: 17838747877271273889

5292 BlackCrag the Basher (level 10, -5/105 (120) HPs)
             Began as a Human Berserker on Oct 23, 2022.
             Was an Elder of Trog.
             Slain by a spectral spriggan defender (15 damage)
             ... called from beyond by a revenant
             ... on level 2 of the Abyss.
             The game lasted 01:07:28 (8032 turns).

BlackCrag the Basher (Human Berserker)              Turns: 8032, Time: 01:07:28

HP:   -5/105 (120)  AC: 15    Str: 22    XL:     10   Next: 94%
MP:   10/10         EV: 13    Int:  8    God:    Trog [****..]
Gold: 401           SH:  0    Dex: 12    Spells: 9/9 levels left

rFire   . . .      SeeInvis .   y - +0 dire flail (protect)
rCold   . . .      Faith    .   (shield currently unavailable)
rNeg    . . .      Spirit   .   j - +1 troll leather armour {Pargi}
rPois   +          Reflect  .   (no helmet)
rElec   .          Harm     .   (no cloak)
rCorr   .          Rampage  .   (no gloves)
Will    .....                   d - +1 pair of boots
Stlth   ..........              (no amulet)
HPRegen 1.07/turn               p - ring of poison resistance
MPRegen 0.12/turn               a - ring of poison resistance

@: berserking, under a protective aura, heavily drained, very quick
A: no striking features
a: Renounce Religion, Berserk, Trog's Hand, Brothers in Arms


You were on level 2 of the Abyss.
You worshipped Trog.
Trog was greatly pleased with you.
You visited 3 branches of the dungeon, and saw 12 of its levels.
You visited the Abyss 1 time.
You also visited: Sewer.

You collected 401 gold pieces.

Inventory:

Hand Weapons
 i - a +4 battleaxe
 l - a +1 mace of protection
 y - a +0 dire flail of protection (weapon)
 z - a +4 great sword
Missiles
 o - 17 poisoned darts (quivered)
Armour
 d - a +1 pair of boots (worn)
 f - a +0 chain mail
 j - a +1 troll leather armour (worn) {Pargi}
 B - +0 swamp dragon scales
Jewellery
 a - a ring of poison resistance (right hand)
 p - a ring of poison resistance (left hand)
Wands
 s - a wand of light (10)
 C - a wand of iceblast (11)
 D - a wand of charming (2)
Scrolls
 c - a scroll of blinking {unknown}
 e - a scroll of enchant armour
 m - 5 scrolls of teleportation
 q - 2 scrolls of magic mapping
 r - 2 scrolls of vulnerability {unknown}
 A - a scroll of acquirement {unknown}
 E - a scroll of fear {unknown}
Potions
 b - 3 potions of resistance
 h - 2 potions of might
 k - a potion of heal wounds
 n - 11 potions of curing
 u - a potion of ambrosia
 w - 3 potions of flight
 x - a potion of haste


   Skills:
 * Level 8.0 Fighting
 * Level 12.2 Maces & Flails
 + Level 1.7 Throwing
 + Level 4.5 Armour
 + Level 4.7 Dodging
 + Level 1.5 Stealth


You had 9 spell levels left.
You didn't know any spells.
Your spell library contained the following spells:

 Spells                   Type           Power      Damage    Failure   Level
 Sublimation of Blood     Necr           0%         N/A       58%         2
 Tukima's Dance           Hex            0%         N/A       83%         3
 Passage of Golubria      Tloc           0%         N/A       99%         4
 Petrify                  Tmut/Erth      0%         N/A       99%         4
 Irradiate                Conj/Tmut      0%         3d11      100%        5
 Yara's Violent Unravell  Hex/Tmut       0%         3d3       100%        5


Dungeon Overview and Level Annotations

Branches:
Dungeon (10/15)            Temple (1/1) D:4            Lair (1/5) D:9
  Sewer (visited)
    Orc: D:9-12

Altars:
Ashenzari
Cheibriados
Dithmenos
Elyvilon
Fedhas
Gozag
Hepliaklqana
Makhleb
Nemelex Xobeh
Okawaru
Qazlal
Ru
Trog
Uskayaw
Wu Jian
Xom
Yredelemnul
Zin
The Shining One

Annotations:
D:10 Psyche


Message History

You feel yourself moving faster!
You feel mighty!
You are engulfed in spectral mist.
The revenant conjures spectral mists around you.
The spectral mist engulfs you but does no damage.
You closely miss the spectral spriggan defender.
You are engulfed in spectral mist.
You bludgeon the revenant!!
Your weapon exudes an aura of protection.
The revenant is moderately damaged.
You are engulfed in spectral mist.
The spectral spriggan defender hits you!
You feel drained.
You sock the revenant!
The revenant is heavily damaged.
You are engulfed in spectral mist.
The spectral spriggan defender hits you!
You feel drained.
The revenant lashes out with ghostly flames.
The ghostly flame explodes!
The ghostly fireball engulfs you!!!
You feel drained.
The ghostly fireball engulfs the spectral spriggan defender.
The spectral spriggan defender completely resists.
The ghostly fireball engulfs the spectral spriggan defender.
The spectral spriggan defender completely resists.
The ghostly fireball engulfs the revenant.
The revenant completely resists.
You closely miss the revenant.
The revenant is moderately damaged.
You are engulfed in spectral mist.
* * * LOW HITPOINT WARNING * * *
The spectral spriggan defender barely misses you.
You bludgeon the revenant!!
The revenant is severely damaged.
You are engulfed in spectral mist.
* * * LOW HITPOINT WARNING * * *
The spectral spriggan defender closely misses you.
The revenant hits you!!
* * * LOW HITPOINT WARNING * * *
The spectral spriggan defender hits you!
You die...

.... ...# ... ...
. # .# .. . ... .#
. .# #. . . ... #
.#.#...
........#####..#.#
.. ......##.......
.. .... .#
#..☼.### ..
.....###.○Z°..#
.......#.#.#@☼#
..... ... #.○Z#z#
...... ..#.#.##(#
.. . .... ### (. .
......### ..# ..
...... ..#
........## .##
........ .#
........


You could see a revenant and 2 spectral spriggan defenders.

Vanquished Creatures
  Maggie (D:7)
  An unseen horror (D:9)
  A komodo dragon (D:9)
  A yak (D:9)
  A steam dragon (D:6)
  A water moccasin (D:9)
  2 sky beasts
  2 orc warriors (D:9)
  An ice beast (D:5)
  Pargi (D:4)
  An ogre (D:7)
  5 black bears
  A centaur (D:7)
  3 kobold brigands
  5 bullfrogs
  A gnoll sergeant (D:8)
  2 necrophages
  3 scorpions
  16 wights
  9 killer bees (D:9)
  2 jellies
  4 howler monkeys
  A hound (D:7)
  6 orc priests
  2 iguanas
  3 orc wizards
  7 gnolls
  3 river rats (Sewer)
  5 adders
  3 shadow imps
  A white imp (D:6)
  2 ufetubi
  4 worms
  2 dart slugs
  21 orcs
  7 endoplasms
  9 giant cockroaches
  5 hobgoblins
  6 jackals
  12 kobolds
  9 quokkas
  4 ball pythons
  3 bats (D:2)
  A frilled lizard (D:1)
  5 goblins
  6 rats
191 creatures vanquished.

Vanquished Creatures (others)
  An orc (D:6)
  19 fungi
  16 plants (D:9)
36 creatures vanquished.

Grand Total: 227 creatures vanquished

Notes
Turn   | Place    | Note
-------+----------+-------------------------------------------
     0 | D:1      | BlackCrag the Human Berserker began the quest for the Orb.
     0 | D:1      | Reached XP level 1. HP: 18/18 MP: 1/1
   255 | D:1      | Found a faded altar of an unknown god.
   554 | D:1      | Reached XP level 2. HP: 24/24 MP: 2/2
   735 | D:2      | Found a basalt altar of Yredelemnul.
   845 | D:2      | Reached XP level 3. HP: 29/29 MP: 3/3
  1518 | D:3      | Found a blossoming altar of Fedhas.
  1527 | D:3      | Noticed a black bear
  1534 | D:3      | Killed a black bear
  1535 | D:3      | Reached skill level 4 in Maces & Flails
  1535 | D:3      | Reached XP level 4. HP: 34/37 MP: 4/4
  1535 | D:3      | Reached XP level 5. HP: 40/42 MP: 5/5
  1912 | D:3      | Reached XP level 6. HP: 39/48 MP: 6/6
  1915 | D:3      | Reached ** piety under Trog
  2250 | D:4      | Reached skill level 5 in Maces & Flails
  2519 | D:4      | Noticed Pargi
  2542 | D:4      | Killed Pargi
  2543 | D:4      | Reached XP level 7. HP: 54/54 MP: 7/7
  2607 | D:4      | Found a staircase to the Ecumenical Temple.
  2618 | Temple   | Entered the Ecumenical Temple
  2876 | D:4      | Found a sparkling altar of Nemelex Xobeh.
  2877 | D:4      | Found an opulent altar of Gozag.
  3284 | D:5      | Entered Level 5 of the Dungeon
  3333 | D:5      | Reached skill level 6 in Maces & Flails
  3376 | D:5      | Found a glowing drain.
  3402 | Sewer    | Entered a sewer
  3521 | Sewer    | Found a white marble altar of Elyvilon.
  3666 | D:5      | Found a sacrificial altar of Ru.
  3812 | D:5      | Reached XP level 8. HP: 54/61 MP: 8/8
  3819 | D:5      | Found a broken altar of Ashenzari.
  3895 | D:5      | Found an iron altar of Okawaru.
  4009 | D:6      | Reached skill level 7 in Maces & Flails
  4326 | D:6      | Reached skill level 8 in Maces & Flails
  4593 | D:6      | Found a basalt altar of Yredelemnul.
  4713 | D:6      | Reached skill level 1 in Throwing
  4718 | D:6      | Reached skill level 5 in Fighting
  4718 | D:6      | Reached XP level 9. HP: 65/68 MP: 9/9
  5156 | D:7      | Reached skill level 9 in Maces & Flails
  5335 | D:7      | Noticed Maggie
  5362 | D:7      | Killed Maggie
  5547 | D:7      | Reached skill level 1 in Stealth
  5579 | D:7      | Reached skill level 10 in Maces & Flails
  5940 | D:7      | Reached XP level 10. HP: 77/77 MP: 10/10
  6451 | D:8      | Reached skill level 11 in Maces & Flails
  6518 | D:8      | Reached *** piety under Trog
  6902 | D:8      | Found an ornate altar of the Wu Jian Council.
  6986 | D:9      | Noticed a komodo dragon
  7001 | D:9      | Killed a komodo dragon
  7130 | D:9      | Killed an unseen horror
  7151 | D:9      | Found a staircase to the Lair.
  7193 | Lair:1   | Entered Level 1 of the Lair of Beasts
  7193 | Lair:1   | Noticed an elephant
  7193 | Lair:1   | Noticed an elephant
  7194 | Lair:1   | Noticed an elephant
  7228 | D:9      | Found a shimmering altar of Xom.
  7318 | D:9      | Reached skill level 12 in Maces & Flails
  7503 | D:9      | Reached **** piety under Trog
  7901 | D:10     | Entered Level 10 of the Dungeon
  7979 | D:10     | Noticed Psyche
  7989 | Abyss:2  | Cast into level 2 of the Abyss (Psyche)
  8018 | Abyss:2  | Noticed a revenant
  8027 | Abyss:2  | Noticed a spectral spriggan defender
  8029 | Abyss:2  | Noticed a spectral spriggan defender
  8032 | Abyss:2  | Slain by a spectral spriggan defender

Illustrated notes

Levels and vault maps discovered:
D:1:      dpeg_arrival_chambers_temple_mockup, layout_loops_ring,
          shapermc_ecumenical_altar_mp_urbaneastern
D:2:      layout_basic, basic_altar, minmay_misc_feat_plants
D:3:      layout_rooms, lemuel_round_altar, kennysheep_generic_room_6
D:4:      layout_cave_pods, grunt_temple_overflow_opulence,
          minmay_temple_entry_arrows, uniq_pargi
D:5:      layout_gridville, nicolae_ru_the_path_less_chosen,
          mainiacjoe_overflow_six_doors_small, marbit_many_paths,
          gup_sewer_entry_pipe, minmay_misc_feat_iff
D:6:      layout_basic, nicolae_overflow_crystal_walls
D:7:      layout_loops_corners, uniq_maggie
D:8:      layout_basic, nicolae_wu_jian_immortal_techniques
D:9:      layout_loops_ring, tgw_sif, mainiacjoe_overflow_tiny_flanked,
          due_lair_maze_entry_diamond
D:10:     layout_long_grid, david_orc_5, special_room [special_room_bee],
          enter_trove_1, uniq_psyche
Temple:   hellmonk_temple_flake
Lair:1:   beast_lair_carwin_large_3, layout_chaotic_city, evilmike_ambush
          [evilmike_ambush_outer_corners, evilmike_ambush_inner_basic],
          grunt_megastairs_2, serial_bayou_shore_b, uniq_joseph
Abyss:2:  base: D:7, minivault_27

Skill      XL: |  1  2  3  4  5  6  7  8  9 10 |
---------------+-------------------------------+-----
Maces & Flails | 4 5 6 8 10 12 | 12.2
Fighting       | 4 5 6 8 |  8.0
Armour         | 3 4 |  4.5
Dodging        | 3 4 |  4.7
Throwing       | 1 |  1.7
Stealth        | 1 |  1.5

Action                   |  1- 3 |  4- 6 |  7- 9 | 10-12 || total
-------------------------+-------+-------+-------+-------++-------
Melee: Mace              |   117 |    77 |   159 |       ||   353
       Punch             |     1 |       |     1 |       ||     2
       Dire flail        |       |       |   233 |   253 ||   486
Throw: Dart              |       |       |    24 |    12 ||    36
Invok: Berserk           |     1 |     3 |     7 |     4 ||    15
       Trog's Hand       |       |       |     4 |     1 ||     5
Evoke: Wand              |       |       |       |     1 ||     1
  Use: Scroll            |     1 |     7 |     8 |     5 ||    21
       Potion            |       |       |     1 |     3 ||     4
Armor: Ring mail         |    47 |     9 |       |       ||    56
       Chain mail        |       |    26 |       |       ||    26
       Troll leather arm |       |       |   113 |   104 ||   217
       Swamp dragon scal |       |       |    15 |       ||    15
       Skin              |       |       |       |     3 ||     3
Dodge: Dodged            |    70 |    37 |   209 |   149 ||   465
